 Dungeon Crawl Stone Soup version 0.31.0-32-g396128a36d (webtiles) character file.

Game seed: 7476455792652352126

4874 Marvel the Cleaver (level 10, -8/61 HPs)
             Began as a Gargoyle Fighter on Mar 19, 2024.
             Was a Believer of Wu Jian.
             Mangled by a komodo dragon (19 damage)
             ... on level 9 of the Dungeon on Mar 23, 2024.
             The game lasted 00:30:31 (8474 turns).

Marvel the Cleaver (Gargoyle Fighter)               Turns: 8474, Time: 00:30:32

Health: -8/61      AC: 18    Str: 31    XL:     10   Next: 50%
Magic:  19/19      EV: 11    Int:  9    God:    Wu Jian [**....]
Gold:   450        SH: 11    Dex: 14    Spells: 9/9 levels left

rFire   . . .        F - +2 war axe
rCold   + . .        c - +0 buckler
rNeg    + . .        G - +2 ring mail of Ravioli {Str+3 Dex+2 Stlth+}
rPois   ∞            (no helmet)
rElec   +            p - +0 cloak
rCorr   .            q - +0 pair of gloves
SInv    .            (no boots)
Will    .....        r - amulet of reflection
Stlth   ++           d - ring "Udghurche" {rElec MP+9 Str+4 Dex+3}
HPRegen 0.30/turn    y - ring "Kaif God" {Fly rPois rC+}
MPRegen 0.16/turn

%: reflection
@: flying
A: sickness immunity, AC +7, negative energy resistance 1, electricity
resistance, torment resistance 1, petrification resistance
a: Renounce Religion, Wall Jump


You were on level 9 of the Dungeon.
You worshipped Wu Jian.
Wu Jian was pleased with you.
You visited 2 branches of the dungeon, and saw 10 of its levels.

You collected 512 gold pieces.
You spent 62 gold pieces at shops.

Inventory:

Hand Weapons
 a - a +0 war axe
 s - a +0 battleaxe
 F - a +2 war axe (weapon)
Missiles
 n - 4 boomerangs (quivered)
 t - 3 throwing nets
 I - 3 datura-tipped darts
 N - 5 poisoned darts
Armour
 b - a +0 scale mail
 c - a +0 buckler (worn)
 h - a +0 plate armour
 p - a +0 cloak (worn)
 q - a +0 pair of gloves (worn)
 G - the +2 ring mail of Ravioli (worn) {Str+3 Dex+2 Stlth+}
   (You found it on level 8 of the Dungeon)

   Str+3:     It affects your strength (+3).
   Dex+2:     It affects your dexterity (+2).
   Stlth+:    It makes you more stealthy.
Jewellery
 d - the ring "Udghurche" (left hand) {rElec MP+9 Str+4 Dex+3}
   (You acquired it on level 5 of the Dungeon)

   [ring of magical power]

   Str+4:     It affects your strength (+4).
   Dex+3:     It affects your dexterity (+3).
   rElec:     It insulates you from electricity.
   MP+9:      It affects your magic capacity (+9).
 l - a ring of flight
 r - an amulet of reflection (around neck)
 x - a ring of wizardry
 y - the ring "Kaif God" (right hand) {Fly rPois rC+}
   (You found it on level 5 of the Dungeon)

   [ring of flight]

   rC+:       It protects you from cold.
   rPois:     It protects you from poison Fly: It grants you flight.
Wands
 A - a wand of charming (11)
 K - a wand of polymorph (8)
 M - a wand of roots (5)
Scrolls
 e - 4 scrolls of immolation
 f - 2 scrolls of fear {unknown}
 j - 5 scrolls of teleportation
 k - a scroll of poison {unknown}
 m - 3 scrolls of enchant weapon {unknown}
 o - 2 scrolls of enchant armour {unknown}
 B - a scroll of butterflies {unknown}
 D - a scroll of fog
 H - a scroll of blinking
 J - 2 scrolls of identify
 L - a scroll of silence {unknown}
Potions
 g - a potion of resistance
 i - a potion of enlightenment
 u - a potion of cancellation
 v - 2 potions of curing
 w - a potion of brilliance
 z - a potion of mutation
 C - a potion of invisibility
 E - a potion of attraction {unknown}


   Skills:
 + Level 6.8 Fighting
 + Level 10.0 Axes
 + Level 2.3 Throwing
 + Level 6.6 Armour
 + Level 2.0 Dodging
 + Level 2.5 Stealth
 + Level 7.5 Shields


You had 9 spell levels left.
You didn't know any spells.
Your spell library contained the following spells:

 Spells                   Type           Power      Damage    Failure   Level
 Apportation              Tloc           0%         N/A       54%         1
 Magic Dart               Conj           0%         1d3       54%         1
 Slow                     Hex            0%         N/A       54%         1
 Sting                    Conj/Alch      0%         1d3       54%         1
 Jinxbite                 Hex            0%         N/A       67%         2
 Mercury Vapours          Alch/Air       0%         N/A       67%         2
 Searing Ray              Conj           0%         2d4       67%         2
 Confusing Touch          Hex            0%         N/A       88%         3
 Sigil of Binding         Hex            0%         N/A       88%         3
 Vampiric Draining        Necr           0%         2d6       88%         3
 Fulminant Prism          Conj/Alch      0%         3d5       99%         4
 Leda's Liquefaction      Alch/Erth      0%         N/A       99%         4
 Manifold Assault         Tloc           0%         N/A       99%         4
 Olgreb's Toxic Radiance  Alch           0%         N/A       99%         4
 Alistair's Intoxication  Alch           0%         N/A       100%        5
 Dispersal                Tloc           0%         N/A       100%        6
 Disjunction              Tloc           0%         N/A       100%        8
 Cigotuvi's Dreadful Rot  Necr/Alch/Air  Unusable   N/A       N/A         2

Dungeon Overview and Level Annotations

Branches:
Dungeon (9/15)             Temple (1/1) D:5            Lair (0/5) D:9
    Orc: D:9-12

Altars:
Ashenzari
Dithmenos
Elyvilon
Fedhas
Gozag
Hepliaklqana
Kikubaaqudgha
Makhleb
Nemelex Xobeh
Okawaru
Ru
Trog
Uskayaw
Vehumet
Wu Jian
Xom
Yredelemnul
Zin
The Shining One

Shops:
D:1 :   D:2 (   D:5 [   D:6 :*   D:7 (([[?!


Innate Abilities, Weirdness & Mutations

You are immune to sickness and miasma.
Your stone body is resilient. (AC +7)
You are immune to poison.
You resist negative energy. (rN+)
You are resistant to electric shocks. (rElec)
You are resistant to unholy torment.
You are immune to petrification.


Message History

Your Dodging skill increases to level 2!
You hit the komodo dragon but do no damage.
You slash the plant! x3; A nearby plant withers and dies. x2
You block the komodo dragon's attack.
You barely miss the komodo dragon. You slash the plant!
The komodo dragon barely misses you.
You hit the komodo dragon.
The komodo dragon is lightly wounded.
You slash the plant!
A nearby plant withers and dies.
You block the komodo dragon's attack.
You slash the komodo dragon!
The komodo dragon is heavily wounded.
You block the komodo dragon's attack.
You hit the komodo dragon.
The komodo dragon is heavily wounded.
You block the komodo dragon's attack.
You barely miss the komodo dragon.
The komodo dragon is heavily wounded.
The komodo dragon bites you!
You completely miss the komodo dragon.
The komodo dragon is heavily wounded.
The komodo dragon bites you.
You hit the komodo dragon.
The komodo dragon is severely wounded.
You block the komodo dragon's attack.
You barely miss the komodo dragon.
The komodo dragon is severely wounded.
The komodo dragon bites you!!
You are too injured to fight recklessly!
You are too injured to fight recklessly!
You are too injured to fight recklessly!
You hit the komodo dragon.
The komodo dragon is severely wounded.
You block the komodo dragon's attack.
You slash the komodo dragon!
The komodo dragon is almost dead.
The komodo dragon bites you!
* * * LOW HITPOINT WARNING * * *
The komodo dragon bites you!!
You die...

###....# ##..... #......######
#.....# ##.....#....####.....#
####....#(....##..#.... . ..
##<.#......#...##..##... #....
..........###..##...#...
#.........####.)...####....###...
..........##.(....P..###..###..#.
.........##.....@.PP.P#....##.###
.........#......l...PP##...#..###
.............PPP...PPP###<.....#.
...........P.PPP..>.PP#.#........
..#.......#PPPPPP...PP#..........
..# #.....##PPPPPPPPP##..........
..###.....###############........
...##......[.........##....#.###.
.......#...#........##....##.....


You could see a komodo dragon.

Vanquished Creatures
  Maurice (D:9)
  Joseph (D:8)
  A troll (D:7)
  A hornet (D:8)
  Sigmund (D:2)
  3 wyverns
  4 yaks (D:9)
  A steam dragon (D:8)
  An acid dragon (D:9)
  An ice beast (D:7)
  An orc warrior (D:4)
  4 ogres (D:5)
  2 phantoms
  A kobold brigand (D:5)
  3 bullfrogs
  A scorpion (D:5)
  4 wights
  3 killer bees (D:7)
  2 howler monkeys
  A bombardier beetle (D:7)
  3 hounds
  2 jellies
  6 orc priests
  2 sleepcaps (D:7)
  2 gnoll boudas
  2 iguanas
  Natasha (thrice) (D:3)
  2 orc wizards
  16 gnolls
  5 adders
  A white imp (D:8)
  2 ufetubi (D:7)
  23 orcs
  3 bats
  6 endoplasms
  4 giant cockroaches
  18 goblins
  15 hobgoblins
  10 jackals
  8 quokkas
  8 ball pythons
  2 frilled lizards (D:1)
  14 kobolds
  5 rats
199 creatures vanquished.

Notes
Turn   | Place    | Note
-------+----------+-------------------------------------------
     0 | D:1      | Marvel the Gargoyle Fighter began the quest for the Orb.
     0 | D:1      | Reached XP level 1. HP: 14/14 MP: 1/1
   145 | D:1      | Reached XP level 2. HP: 19/19 MP: 2/2
   229 | D:1      | Reached skill level 2 in Axes
   246 | D:1      | Found Fotoatubb's Book Shoppe.
   338 | D:1      | Reached XP level 3. HP: 9/23 MP: 3/3
   869 | D:2      | Noticed Sigmund
   975 | D:2      | Found Iqainan's Weapon Shoppe.
  1019 | D:2      | Reached XP level 4. HP: 27/29 MP: 4/4
  1283 | D:2      | Reached skill level 1 in Dodging
  1286 | D:2      | Reached skill level 3 in Axes
  1336 | D:2      | Killed Sigmund
  1337 | D:2      | Reached skill level 4 in Axes
  1337 | D:2      | Reached XP level 5. HP: 18/33 MP: 5/5
  1337 | D:2      | Reached XP level 6. HP: 20/38 MP: 6/6
  1589 | D:3      | Found a faded altar of an unknown god.
  1595 | D:3      | Noticed Natasha
  1604 | D:3      | Killed Natasha
  1745 | D:3      | Noticed Natasha
  1751 | D:3      | Killed Natasha
  1959 | D:3      | Noticed Natasha
  1963 | D:3      | Killed Natasha
  2609 | D:5      | Entered Level 5 of the Dungeon
  2622 | D:5      | Reached XP level 7. HP: 43/43 MP: 7/7
  2630 | D:5      | Reached skill level 5 in Axes
  2633 | D:5      | Identified a scroll of acquirement
  2633 | D:5      | Acquired the ring "Udghurche" {rElec MP+9 Str+4 Dex+3}
  2735 | D:5      | Reached skill level 1 in Throwing
  2933 | D:5      | Found a staircase to the Ecumenical Temple.
  2940 | D:5      | Got the Encyclopedia of Excavation and the Cucurbite
  2952 | Temple   | Entered the Ecumenical Temple
  3010 | Temple   | Became a worshipper of the Wu Jian Council
  3266 | D:5      | Reached skill level 6 in Axes
  3266 | D:5      | Reached XP level 8. HP: 38/48 MP: 8/8
  3355 | D:5      | Reached skill level 5 in Shields
  3444 | D:4      | Found a blossoming altar of Fedhas.
  3549 | D:4      | HP: 2/48 [orc priest/divine providence (13)]
  3674 | D:5      | Identified the ring "Kaif God" {Fly rPois rC+}
  3680 | D:5      | Found a glowing golden altar of the Shining One.
  3830 | D:5      | Found a hazy altar of Hepliaklqana.
  3831 | D:5      | Found a faded altar of an unknown god.
  3950 | D:5      | Found Oddopsy's Armour Emporium.
  4493 | D:4      | Reached skill level 5 in Armour
  4814 | D:4      | Reached * piety under Wu Jian
  4927 | D:5      | Reached skill level 7 in Axes
  5278 | D:6      | Reached skill level 5 in Fighting
  5531 | D:6      | Found Ygruyh's Self-Improvement Boutique.
  5601 | D:6      | Found Quredooreu's General Store.
  5609 | D:6      | Bought a scroll of teleportation for 42 gold pieces
  5788 | D:7      | Found The Oracle's Delphic Readings.
  5794 | D:7      | Bought a scroll of identify for 20 gold pieces
  5818 | D:7      | Reached XP level 9. HP: 54/54 MP: 9/9
  5915 | D:7      | Reached skill level 8 in Axes
  6002 | D:7      | Found Witufint's Weapon Shoppe.
  6010 | D:7      | Noticed a troll
  6024 | D:7      | Killed a troll
  6177 | D:7      | Found Puigeaj's Weapon Shop.
  6279 | D:7      | Found Benikhlau's Armour Shoppe.
  6289 | D:7      | Found Nuzoedoipt's Antique Armour Shop.
  6357 | D:7      | Found Qiuwn's Distillery.
  6820 | D:8      | Reached ** piety under Wu Jian
  6923 | D:8      | Noticed Joseph
  6931 | D:8      | Killed Joseph
  7038 | D:8      | Found an iron altar of Okawaru.
  7045 | D:8      | Reached skill level 9 in Axes
  7065 | D:8      | Noticed a hornet
  7081 | D:8      | Killed a hornet
  7088 | D:8      | Reached XP level 10. HP: 37/61 MP: 10/10
  7265 | D:8      | Found an ancient bone altar of Kikubaaqudgha.
  7265 | D:8      | Found a burning altar of Makhleb.
  7386 | D:8      | Identified the +2 ring mail of Ravioli {Str+3 Dex+2 Stlth+}
  7728 | D:8      | Reached skill level 1 in Stealth
  8296 | D:9      | Found a glowing silver altar of Zin.
  8308 | D:9      | Noticed Maurice
  8316 | D:9      | Maurice stole 4 boomerangs
  8318 | D:9      | Maurice stole 348 gold
  8327 | D:9      | Something stole a +0 war axe
  8330 | D:9      | Killed Maurice
  8448 | D:9      | Found a staircase to the Lair.
  8464 | D:9      | Reached skill level 10 in Axes
  8474 | D:9      | Mangled by a komodo dragon

Illustrated notes

Levels and vault maps discovered:
D:1:      minmay_arrival_four_houses, layout_basic, serial_shops,
          nicolae_shop_advertising_works [nicolae_subvault_shop_adworks]
D:2:      wad_woods_settlement, layout_basic, serial_shops,
          nicolae_shop_tiny_waterfront, uniq_sigmund
D:3:      layout_basic, chequers_ecumenical_altar_simple, uniq_natasha
D:4:      layout_basic, overflow_temple_1_default, chequers_garden
D:5:      layout_loops_ring, beargit_hepliaklqana_dungeon_heroes,
          nicolae_tso_carved_into_rock, minmay_temple_entry_offerings,
          serial_shops, nicolae_shop_real_fake_doors
D:6:      layout_gridville, serial_shops, nicolae_shop_just_a_little_nook,
          nicolae_shop_self_help
D:7:      layout_cave_pools, serial_shops, nicolae_shop_crystal, shop,
          nicolae_shop_window_shopping, kennysheep_mini, shop,
          nicolae_nh_oracle_at_delphi
D:8:      corexii_shantytown, layout_loops_corners, kennysheep_okawaru_gauntlet,
          chequers_temple_overflow_statue_of_worship, uniq_joseph
D:9:      layout_cave_pools, zin_academy, slow_altar_2, david_lair_shrubbed,
          uniq_maurice
Temple:   minmay_temple_forest_path

Skill      XL: |  1  2  3  4  5  6  7  8  9 10 |
---------------+-------------------------------+-----
Axes           | 2 4 6 7 9 10 | 10.0
Dodging        | 1 2 |  2.0
Fighting       | 4 5 6 |  6.8
Armour         | 4 5 6 |  6.6
Shields        | 4 5 7 |  7.5
Throwing       | 1 2 |  2.3
Stealth        | 2 |  2.5

Action                     |  1- 3 |  4- 6 |  7- 9 | 10-12 || total
---------------------------+-------+-------+-------+-------++-------
  Melee: War axe           |   112 |   144 |   345 |   115 ||   716
  Throw: Boomerang         |       |    22 |    15 |    12 ||    49
Ability: Lunge             |       |       |    10 |     8 ||    18
         Whirlwind         |       |       |     2 |    22 ||    24
         Wall Jump         |       |       |       |     2 ||     2
    Use: Potion            |       |     5 |     1 |       ||     6
         Scroll            |       |       |     8 |       ||     8
   Stab: Sleeping          |       |       |       |     5 ||     5
         Distracted        |       |       |       |     1 ||     1
 Armour: Scale mail        |    97 |    23 |       |       ||   120
         Plate armour      |       |    70 |   251 |       ||   321
         Ring mail         |       |       |       |    49 ||    49
  Dodge: Dodged            |    60 |    34 |   105 |    28 ||   227
  Block: Buckler           |    28 |    80 |   192 |    42 ||   342
         Reflection        |       |       |     2 |     3 ||     5
